 Dungeon Crawl Stone Soup version 0.26-a0-478-g6c97825307 (webtiles) character file.

Game seed: 11155565963828697970

118 DeltaSign the Skirmisher (level 4, 0/41 HPs)
             Began as a Minotaur Berserker on Aug 1, 2020.
             Was a Priest of Trog.
             Killed from afar by Sigmund (6 damage)
             ... with a magic dart
             ... on level 3 of the Dungeon.
             The game lasted 00:03:02 (2075 turns).

DeltaSign the Skirmisher (Minotaur Berserker)       Turns: 2075, Time: 00:03:03

Health: 0/41       AC:  7    Str: 21    XL:     4   Next: 72%
Magic:  3/3        EV: 10    Int:  4    God:    Trog [***...]
Gold:   99         SH:  0    Dex: 11    Spells: 3/3 levels left

rFire    . . .     SeeInvis .   q - +0 battleaxe
rCold    . . .     Faith    .   (shield currently unavailable)
rNeg     . . .     Spirit   .   o - +0 scale mail
rPois    .         Reflect  .   (helmet restricted)
rElec    .         Harm     .   (no cloak)
rCorr    .                      (no gloves)
MR       .....                  (no boots)
Stlth    ..........             (no amulet)
HPRegen  0.13/turn              (no ring)
MPRegen  0.08/turn              (no ring)

@: berserk cooldown, slowed, very slow
A: retaliatory headbutt, horns 2
a: Berserk, Trog's Hand, Renounce Religion


You were on level 3 of the Dungeon.
You worshipped Trog.
Trog was most pleased with you.
You visited 1 branch of the dungeon, and saw 3 of its levels.

You collected 99 gold pieces.

Inventory:

Hand Weapons
 a - a +0 hand axe
 q - a +0 battleaxe (weapon)
Armour
 o - a +0 scale mail (worn)
Jewellery
 j - an uncursed ring of protection from fire {unknown}
Wands
 b - a wand of paralysis (12)
Scrolls
 d - 2 scrolls of blinking {unknown}
 e - a scroll of immolation {unknown}
 f - a scroll of teleportation {unknown}
 k - 2 scrolls of remove curse {unknown}
 m - 2 scrolls of enchant weapon {unknown}
 n - a scroll of fog {unknown}
Potions
 c - a potion of resistance {unknown}
 g - a potion of curing {unknown}
 h - a potion of degeneration {unknown}
 i - 2 potions of ambrosia {unknown}
 l - 2 potions of heal wounds {unknown}
 p - a potion of stabbing {unknown}


   Skills:
 + Level 4.8 Fighting
 + Level 4.8 Axes
 + Level 4.0 Armour
 - Level 2.1 Dodging


You had 3 spell levels left.
You didn't know any spells.
Your spell library was empty.

Dungeon Overview and Level Annotations

Branches:
Dungeon (3/15)

Altars:
Trog
Yredelemnul
The Shining One

Annotations:
D:3 Sigmund


Innate Abilities, Weirdness & Mutations

You reflexively headbutt those who attack you in melee.
You have a pair of horns on your head.


Message History

The goblin hits you with a +0 dagger.
You slash the goblin!
You kill the goblin!
Trog accepts your kill.
You hear some strange, mumbled words.
A puff of flame appears from out of thin air!
The puff of flame hits you!
A magic dart appears from out of thin air!
The magic dart hits you.
* * * LOW HITPOINT WARNING * * *
Something hits you.
* * * LOW HITPOINT WARNING * * *
There is an open door here.
Items here: ))) ††.
A magic dart appears from out of thin air!
The magic dart hits you.
* * * LOW HITPOINT WARNING * * *
A magic dart appears from out of thin air!
The magic dart hits you.
You die...

... ... #.#
#)# #{#
##)##
##...##
##.....##
##...@...##
#.........#
#......<..+
#.........#
##.......##
##.....##
##...##
##'## #.#


There were no monsters in sight!

Vanquished Creatures
  Robin (D:3)
  An adder (D:2)
  2 oozes
  4 worms
  2 dart slugs
  3 leopard geckos (D:1)
  An orc (D:3)
  15 goblins
  9 hobgoblins
  3 jackals (D:1)
  A ball python (D:2)
  7 bats
  3 frilled lizards (D:1)
  7 kobolds
  9 rats
  A spectral orc (D:2)
69 creatures vanquished.

Notes
Turn   | Place    | Note
-------+----------+-------------------------------------------
     0 | D:1      | DeltaSign the Minotaur Berserker began the quest for the
                  | Orb.
     0 | D:1      | Reached XP level 1. HP: 19/19 MP: 0/0
    52 | D:1      | Reached XP level 2. HP: 27/27 MP: 1/1
   355 | D:1      | Found a glowing golden altar of the Shining One.
   369 | D:1      | Reached XP level 3. HP: 33/33 MP: 2/2
   396 | D:1      | Reached ** piety under Trog
  1246 | D:2      | Reached XP level 4. HP: 37/41 MP: 3/3
  1343 | D:2      | Found a basalt altar of Yredelemnul.
  1544 | D:2      | Found a bloodstained altar of Trog.
  2049 | D:3      | Noticed Robin
  2053 | D:3      | Reached *** piety under Trog
  2067 | D:3      | Noticed Sigmund
  2068 | D:3      | Killed Robin
  2075 | D:3      | Killed from afar by Sigmund

Illustrated notes

Levels and vault maps discovered:
D:1:      psy_arrival_spokes, layout_basic, tso_metal_star
D:2:      layout_loops_ring, overflow_temple_1_default,
          yredelemnul_forgotten_temple_becter, mrwooster_statue_mirror
D:3:      layout_loops_corners, nicolae_overflow_hidden_temple, uniq_terence,
          uniq_robin, uniq_sigmund

Skill      XL: |  1  2  3  4 |
---------------+-------------+-----
Fighting       | 4 |  4.8
Axes           | 4 |  4.8
Armour         | 3 4 |  4.0
Dodging        | |  2.1

Action                   |  1- 3 |  4- 6 || total
-------------------------+-------+-------++-------
Melee: Hand axe          |    79 |    42 ||   121
       Headbutt          |    16 |    14 ||    30
       Battleaxe         |       |    19 ||    19
Invok: Berserk           |       |     1 ||     1
 Stab: Distracted        |     1 |       ||     1
Armor: Animal skin       |     8 |       ||     8
       Leather armour    |     4 |     1 ||     5
       Scale mail        |       |    33 ||    33
Dodge: Dodged            |    51 |    43 ||    94

Table legend: (Time is in decaauts)
 A = Elapsed time spent in this place.
 B = Non-inter-level travel time spent in this place.
 C = Inter-level travel time spent in this place.
 D = Time resting spent in this place.
 E = Time spent auto-exploring this place.
 F = Levels seen in this place.
 G = Mean time per level.
                   A        B        C        D        E       F      G
               +--------+--------+--------+--------+--------+-----+--------+
         Total |   2095 |   2019 |     76 |      0 |   1678 |   3 |  698.3 |
       Dungeon |   2095 |   2019 |     76 |      0 |   1678 |   3 |  698.3 |
               +--------+--------+--------+--------+--------+-----+--------+

Top non-repeatable levels by time:
     D:2: 1032 daAuts
     D:1: 889 daAuts
     D:3: 173 daAuts
